 Dungeon Crawl Stone Soup version 0.30-a0-743-gbfdf073431 (webtiles) character file.

Game seed: 15084853063625371746

660 jimonade the Cutter (level 7, -2/52 HPs)
             Began as a Mummy Gladiator on Feb 6, 2023.
             Slain by Grinder (7 damage)
             ... while paralysed by Grinder
             ... on level 5 of the Dungeon.
             The game lasted 00:08:59 (4549 turns).

jimonade the Cutter (Mummy Gladiator)               Turns: 4549, Time: 00:09:00

Health: -2/52      AC:  8    Str: 15    XL:     7   Next: 30%
Magic:  7/7        EV:  2    Int: 10    God:
Gold:   195        SH:  0    Dex: 13    Spells: 6/6 levels left

rFire   + + .      SeeInvis +    b - +0 short sword (elec)
rCold   + + .      Faith    +    (no shield)
rNeg    + + +      Spirit   .    t - +3 leather armour of the Kettle-Drum {rPois rF+++ Str-2 SInv}
rPois   ∞          Reflect  .    c - +0 helmet
rElec   .          Harm     .    f - +0 cloak
rCorr   .          Rampage  .    (no gloves)
Will    .....                    (no boots)
Stlth   +                        (no amulet)
HPRegen 0.28/turn                k - ring of see invisible
MPRegen 0.10/turn                p - ring of protection from cold

@: paralysed
A: cold resistance 1, negative energy resistance 3, torment resistance 2, heat
vulnerability 1, in touch with death 1, no potions, faith
a: no special abilities


You were on level 5 of the Dungeon.
You visited 1 branch of the dungeon, and saw 5 of its levels.

You collected 195 gold pieces.

Inventory:

Hand Weapons
 a - a +2 dagger of venom
 b - a +0 short sword of electrocution (weapon)
 g - a +0 quarterstaff
 s - a +0 short sword
Missiles
 e - 6 javelins (quivered)
 z - 2 poisoned darts
Armour
 c - a +0 helmet (worn)
 f - a +0 cloak (worn)
 m - a +0 leather armour
 o - a +0 ring mail
 t - the +3 leather armour of the Kettle-Drum (worn) {rPois rF+++ Str-2 SInv}
   (You found it on level 4 of the Dungeon)

   Str:       It affects your strength (-2).
   rF:        It renders you almost immune to fire.
   rPois:     It protects you from poison.
   SInv:      It lets you see invisible.
 x - an orb of guile
Magical Staves
 r - a staff of cold
Jewellery
 i - a +6 ring of intelligence
 k - a ring of see invisible (left hand)
 p - a ring of protection from cold (right hand)
Scrolls
 h - a scroll of noise {unknown}
 j - a scroll of brand weapon {unknown}
 l - a scroll of amnesia {unknown}
 n - a scroll of poison {unknown}
 q - 2 scrolls of magic mapping {unknown}
 u - a scroll of vulnerability {unknown}
 v - 2 scrolls of teleportation {unknown}
 w - 2 scrolls of identify {unknown}
 y - a scroll of fog {unknown}
 A - a scroll of enchant armour {unknown}


   Skills:
 + Level 3.6 Fighting
 * Level 4.1 Short Blades
 - Level 2.8 Staves
 + Level 1.7 Throwing
 + Level 2.5 Armour
 + Level 3.4 Dodging
 + Level 1.0 Stealth


You had 6 spell levels left.
You didn't know any spells.
Your spell library contained the following spells:

 Spells                   Type           Power      Damage    Failure   Level
 Apportation              Tloc           0%         N/A       43%         1
 Slow                     Hex            0%         N/A       43%         1
 Confusing Touch          Hex            0%         N/A       80%         3
 Ozocubu's Armour         Ice            0%         N/A       80%         3
 Portal Projectile        Hex/Tloc       0%         N/A       80%         3
 Tukima's Dance           Hex            0%         N/A       80%         3
 Vampiric Draining        Necr           0%         2d6       80%         3
 Alistair's Intoxication  Tmut/Pois      0%         N/A       100%        5
 Metabolic Englaciation   Hex/Ice        0%         N/A       100%        5
 Simulacrum               Ice/Necr       0%         N/A       100%        6
 Blade Hands              Tmut           Unusable   N/A       N/A         5

Dungeon Overview and Level Annotations

Branches:
Dungeon (5/15)
 Temple: D:4-7

Altars:
Fedhas
Makhleb

Shops:
D:4 !(

Annotations:
D:5 Grinder


Innate Abilities, Weirdness & Mutations

You are immune to poison.
Your flesh is cold resistant. (rC+)
You are immune to negative energy. (rN+++)
You are immune to unholy pain and torment.
You are vulnerable to heat. (rF-)
You are in touch with the powers of death.
You do not drink.
You have a special connection with the divine. (Faith)


Message History

Grinder is heavily wounded.
Throw: 7 javelins
Press: ? - help, Q - select action, (/) - cycle Shift-Dir - straight line, f/p - Grinder
Aim: Grinder (heavily wounded, 53% to hit)
You throw a javelin. The javelin pierces through Grinder.
Grinder is heavily wounded.
Grinder hits you! Grinder hits you but does no damage.
You hit Grinder but do no damage.
Grinder is heavily wounded.
Grinder hits you.
You hit Grinder.
Grinder is heavily wounded.
You hit Grinder.
Grinder is severely wounded.
Grinder hits you!
You are too injured to fight recklessly!
You are too injured to fight recklessly!
You are too injured to fight recklessly!
You are too injured to fight recklessly!
You closely miss Grinder.
Grinder is severely wounded.
Grinder hits you.
You barely miss Grinder.
Grinder is severely wounded.
Grinder blinks!
You hit Grinder.
Grinder is severely wounded.
Grinder hits you.
You closely miss Grinder.
Grinder is severely wounded.
You hit Grinder but do no damage.
Grinder is severely wounded.
Grinder gestures at you.
You suddenly lose the ability to move!
Grinder hits you.
* * * LOW HITPOINT WARNING * * *
Grinder hits you!
* * * LOW HITPOINT WARNING * * *
Grinder hits you!
You die...

#.# ########.#
.........# .#######..#
### .#######..####
#.................
#.###.#..#######..####
#...5.(......†.....###
#@#########.....##
#.#### ##.<.### #....#
##.## # ####.# #.# #
#.# #.# # #.# ##'## #
#.# ##...## ##[#
##...^.## ##..#
##.......#


You could see Grinder.

Vanquished Creatures
  An ogre (D:4)
  3 necrophages
  A jelly (D:5)
  2 hounds (D:5)
  4 iguanas
  2 orc wizards (D:4)
  3 adders
  3 worms
  3 dart slugs
  14 orcs
  8 bats
  7 endoplasms
  5 giant cockroaches
  12 goblins
  6 hobgoblins
  6 quokkas
  7 ball pythons
  2 frilled lizards
  8 kobolds
  9 rats
106 creatures vanquished.

Vanquished Creatures (others)
  A plant (D:4)
1 creature vanquished.

Grand Total: 107 creatures vanquished

Notes
Turn   | Place    | Note
-------+----------+-------------------------------------------
     0 | D:1      | jimonade the Mummy Gladiator began the quest for the Orb.
     0 | D:1      | Reached XP level 1. HP: 16/16 MP: 1/1
   187 | D:1      | Reached XP level 2. HP: 22/22 MP: 2/2
   731 | D:2      | Gained mutation: You are in touch with the powers of death.
                  | [Mummy growth]
   731 | D:2      | Reached XP level 3. HP: 27/28 MP: 3/3
  1317 | D:2      | Reached skill level 1 in Armour
  1804 | D:3      | Reached XP level 4. HP: 34/34 MP: 4/4
  1845 | D:3      | Reached skill level 1 in Short Blades
  1907 | D:3      | Found a burning altar of Makhleb.
  2017 | D:3      | Noticed a necrophage
  2038 | D:3      | Killed a necrophage
  2039 | D:3      | Reached XP level 5. HP: 26/39 MP: 5/5
  2344 | D:3      | Reached skill level 2 in Short Blades
  2749 | D:4      | Noticed an ogre
  2762 | D:4      | Killed an ogre
  2763 | D:4      | Reached XP level 6. HP: 13/46 MP: 6/6
  2936 | D:4      | Reached skill level 3 in Short Blades
  3266 | D:4      | Identified the +3 leather armour of the Kettle-Drum {rPois
                  | rF+++ Str-2 SInv}
  3477 | D:4      | Found Hopohikk's Antique Weapon Shoppe.
  3552 | D:4      | Found Zaiss's Distillery.
  3707 | D:4      | Reached XP level 7. HP: 52/52 MP: 7/7
  3889 | D:5      | Entered Level 5 of the Dungeon
  4349 | D:5      | Found a blossoming altar of Fedhas.
  4412 | D:5      | Reached skill level 4 in Short Blades
  4464 | D:5      | Reached skill level 1 in Stealth
  4531 | D:5      | Noticed Grinder
  4546 | D:5      | Paralysed by Grinder for 5 turns
  4549 | D:5      | Slain by Grinder

Illustrated notes

Levels and vault maps discovered:
D:1:      nzn_arrival_settlement, layout_basic
D:2:      layout_basic, kennysheep_cross_room, minmay_divided_ellipse
D:3:      layout_basic, bloody_makhleb
D:4:      layout_rooms, serial_shops, kennysheep_little_box, shop,
          serial_bayou_pond_a, kennysheep_potato
D:5:      layout_loops_corners, fedhas_altar_2,
          mainiacjoe_overflow_tiny_flanked, uniq_crazy_yiuf_cottage,
          uniq_grinder, uniq_eustachio

Skill      XL: |  1  2  3  4  5  6  7 |
---------------+----------------------+-----
Armour         | 1 2 |  2.5
Short Blades   | 1 2 3 4 |  4.1
Dodging        | 3 |  3.4
Fighting       | 3 |  3.6
Stealth        | 1 |  1.0
Staves         | |  2.8
Throwing       | |  1.7

Action                     |  1- 3 |  4- 6 |  7- 9 || total
---------------------------+-------+-------+-------++-------
  Melee: Quarterstaff      |    38 |       |       ||    38
         Short sword       |    90 |    33 |    14 ||   137
         Dagger            |    22 |   159 |    46 ||   227
  Throw: Javelin           |       |     2 |     1 ||     3
         Throwing net      |       |     1 |     2 ||     3
   Stab: Sleeping          |     1 |       |       ||     1
 Armour: Leather armour    |    48 |    55 |    12 ||   115
  Dodge: Dodged            |    93 |    78 |    22 ||   193

Table legend: (Time is in decaauts)
 A = Elapsed time spent in this place.
 B = Non-inter-level travel time spent in this place.
 C = Inter-level travel time spent in this place.
 D = Time resting spent in this place.
 E = Time spent auto-exploring this place.
 F = Levels seen in this place.
 G = Mean time per level.
                   A        B        C        D        E       F      G
               +--------+--------+--------+--------+--------+-----+--------+
         Total |   4516 |   4397 |    119 |    387 |   3148 |   5 |  903.2 |
       Dungeon |   4516 |   4397 |    119 |    387 |   3148 |   5 |  903.2 |
               +--------+--------+--------+--------+--------+-----+--------+

Top non-repeatable levels by time:
     D:3: 1338 daAuts
     D:2: 1096 daAuts
     D:4: 727 daAuts
     D:1: 703 daAuts
     D:5: 650 daAuts
